 Dungeon Crawl Stone Soup version 0.25-a0-35-g747a2b3c0c (webtiles) character file.

Game seed: 12782214801663334476, levelgen mode: deterministic

2927 mortelune the Arsonist (level 9, -1/52 HPs)
             Began as a Deep Elf Fire Elementalist on Oct 19, 2019.
             Slain by a hornet (11 damage)
             ... while paralysed by a hornet
             ... on level 8 of the Dungeon.
             The game lasted 00:22:25 (10725 turns).

mortelune the Arsonist (DEFE)                      Turns: 10725, Time: 00:22:25

Health: -1/52      AC:  5    Str:  8    XL:     9   Next: 50%
Magic:  16/21      EV:  2    Int: 21    God:
Gold:   343        SH:  0    Dex: 15    Spells: 3/22 levels left

rFire    + . .     SeeInvis .   f - +4 short sword (pierce)
rCold    + . .     Gourm    .   (no shield)
rNeg     . . .     Faith    .   a - +0 robe
rPois    .         Spirit   .   y - +1 helmet
rElec    .         Reflect  .   d - scarf {rC+ rF+}
rCorr    .         Harm     .   A - +0 pair of gloves
MR       .....                  (no boots)
Stlth    +++.......             (no amulet)
HPRegen  0.17/turn              D - ring of stealth
MPRegen  0.17/turn              (no ring)

@: paralysed, slowed
A: no striking features
a: no special abilities


You were on level 8 of the Dungeon.
You were near starving.

You visited 2 branches of the dungeon, and saw 9 of its levels.
You also visited: Ossuary.

You collected 508 gold pieces.
You spent 165 gold pieces at shops.

Inventory:

Hand Weapons
 b - a +0 club
 f - a +4 short sword of piercing (weapon)
 g - a +1 dagger of venom
 r - a +1 hunting sling of freezing
Armour
 a - a +0 robe (worn)
 d - a scarf of resistance (worn)
 y - a +1 helmet (worn)
 A - a +0 pair of gloves (worn)
Jewellery
 t - an uncursed ring of see invisible
 D - a ring of stealth (left hand)
Wands
 l - a wand of flame (29)
 m - a wand of enslavement (15)
 w - a wand of clouds (5)
Scrolls
 i - 2 scrolls of amnesia
 k - 5 scrolls of remove curse
 o - 2 scrolls of identify
 u - 2 scrolls of brand weapon
 x - a scroll of random uselessness
 B - 2 scrolls of immolation
 C - 2 scrolls of holy word {unknown}
 F - a scroll of teleportation
 G - a scroll of acquirement {unknown}
 H - a scroll of enchant armour
 I - 2 scrolls of magic mapping {unknown}
Potions
 e - 6 potions of curing
 h - 2 potions of invisibility {unknown}
 j - a potion of cancellation {unknown}
 n - 3 potions of heal wounds {unknown}
 p - 5 potions of might {unknown}
 q - a potion of agility {unknown}
 s - a potion of magic {unknown}
 v - a potion of ambrosia {unknown}
 z - 2 potions of mutation {unknown}
 E - 2 potions of lignification {unknown}
Comestibles
 c - 7 rations


   Skills:
 + Level 4.0 Fighting
 + Level 6.3 Dodging
 - Level 2.4 Stealth
 + Level 7.2 Spellcasting
 * Level 7.6 Conjurations
 * Level 8.5 Fire Magic


You had 3 spell levels left.
You knew the following spells:

 Your Spells              Type           Power        Failure   Level  Hunger
a - Flame Tongue          Conj/Fire      #####        1%          1    None
b - Throw Flame           Conj/Fire      #####.       1%          2    None
c - Conjure Flame         Conj/Fire      #####...     1%          3    None
d - Sticky Flame          Conj/Fire      #####...     3%          4    ###....
e - Fireball              Conj/Fire      #####.....   9%          5    #####..
f - Summon Lightning Spi  Summ/Air       #.......     65%         4    ###....

Your spell library contained the following spells:

 Spells                   Type           Power        Failure   Level  Hunger
 Inner Flame              Hex/Fire       ####....     4%          3    None
 Airstrike                Air            #.........   65%         4    ###....
 Conjure Ball Lightning   Conj/Air       ###.......   95%         6    ######.
 Ozocubu's Refrigeration  Ice            #.........   100%        6    ######.


Dungeon Overview and Level Annotations

Branches:
Dungeon (8/15)             Temple (1/1) D:7         Ossuary (visited)
   Lair: D:8-11

Altars:
Ashenzari
Cheibriados
Dithmenos
Elyvilon
Hepliaklqana
Kikubaaqudgha
Makhleb
Nemelex Xobeh
Okawaru
Qazlal
Ru
Sif Muna
Trog
Uskayaw
Wu Jian
Xom
Yredelemnul
Zin
The Shining One

Shops:
D:5 :   D:6 =


Message History

You feel sick.
The hornet burns!
The hornet stops burning.
The hornet stings you!
You feel yourself slow down.
You can move again.
Casting: Flame Tongue (safe; 1% risk of failure)
Confirm with . or Enter, or press ? or * to list all spells.
Aiming: Flame Tongue (safe; 1% risk of failure)
Press: ? - help, Shift-Dir - straight line, f/p - hornet
Aim: a hornet (severely wounded)
The flame tongue hits the hornet but does no damage.
The hornet is severely wounded.
You feel yourself speed up.
You feel sick. The hornet stings you.
You feel yourself slow down. The hornet stings you!
* * * LOW HITPOINT WARNING * * *
You are lethally poisoned!
You feel as though you will be slow longer.
You feel better. The hornet stings you!
* * * LOW HITPOINT WARNING * * *
You suddenly lose the ability to move!
The hornet stings you!
You die...

..##.......##....#...........##..
..#.#.#.#.#.#...........#....#...
..#.........#......###.####......
..#####.#####.......###.###.#....
.........#.....(..<.......#.##...
.........#......#................
.....##.........##..#######......
..##.###........##..##.# #####..
...#..####......@.....#.# ####
......####..##.y....##.#y# #...
.......##...........# #.#.####..#
.....#..#....##.....#######....##
.....#....##...#................#
#....##..#..................#....
##.###.......#...##.##......#....
### #....#..#..####.......###...
#....#..##.###....##### ####


You could see a hornet.

Vanquished Creatures
  2 hornets (D:8)
  A hippogriff (D:7)
  Menkaure (Ossuary)
  A hungry ghost (D:4)
  2 black bears
  An ice beast (D:5)
  2 phantoms
  2 ogres
  2 centaurs
  3 bullfrogs
  2 scorpions
  A howler monkey (D:8)
  A crimson imp (D:8)
  2 bullfrog zombies
  4 centaur zombies (Ossuary)
  4 jellies
  2 hounds
  An orc priest (D:4)
  2 orc wizards
  Natasha (thrice) (D:3)
  3 iguanas
  3 worker ants
  A killer bee zombie (D:8)
  An ogre zombie (Ossuary)
  A big kobold zombie (Ossuary)
  6 mummies (Ossuary)
  A gnoll (D:1)
  3 adders
  2 adder skeletons
  3 adder zombies (Ossuary)
  4 worms
  A leopard gecko (D:1)
  11 orcs
  2 ball pythons
  7 giant cockroaches
  8 hobgoblins
  25 jackals
  6 kobolds
  2 quokkas
  7 bats
  3 frilled lizards
  9 goblins
  5 goblin zombies (Ossuary)
  5 hobgoblin zombies (Ossuary)
  3 kobold zombies (Ossuary)
  An orc zombie (Ossuary)
  6 quokka zombies (Ossuary)
  7 rats
  3 rat zombies
178 creatures vanquished.

Notes
Turn   | Place    | Note
-------+----------+-------------------------------------------
     0 | D:1      | mortelune the Deep Elf Fire Elementalist began the quest
                  | for the Orb.
     0 | D:1      | Reached XP level 1. HP: 10/10 MP: 6/6
   221 | D:1      | Reached XP level 2. HP: 16/16 MP: 1/8
   383 | D:1      | Learned a level 2 spell: Throw Flame
   863 | D:1      | Reached XP level 3. HP: 20/20 MP: 4/9
   868 | D:1      | Learned a level 3 spell: Conjure Flame
  1518 | D:1      | Reached skill level 1 in Fighting
  1775 | D:2      | Reached skill level 4 in Fire Magic
  1829 | D:2      | Reached XP level 4. HP: 25/25 MP: 2/11
  1901 | D:2      | Learned a level 4 spell: Sticky Flame
  2483 | D:3      | Noticed Natasha
  2490 | D:3      | Killed Natasha
  2606 | D:3      | Noticed Natasha
  2608 | D:3      | Killed Natasha
  2608 | D:3      | Reached XP level 5. HP: 29/29 MP: 4/12
  3014 | D:3      | Noticed Natasha
  3021 | D:3      | Killed Natasha
  3690 | D:4      | Noticed a hungry ghost
  3698 | D:4      | Killed a hungry ghost
  3698 | D:4      | Reached XP level 6. HP: 35/35 MP: 4/14
  4081 | D:4      | Reached skill level 5 in Fire Magic
  4760 | D:5      | Entered Level 5 of the Dungeon
  4769 | D:5      | Noticed an ice beast
  4863 | D:4      | Reached XP level 7. HP: 17/40 MP: 6/16
  5369 | D:5      | Reached skill level 5 in Spellcasting
  5893 | D:5      | Reached skill level 6 in Fire Magic
  5910 | D:5      | Learned a level 5 spell: Fireball
  6095 | D:5      | Found Foedem's Book Emporium.
  6214 | D:5      | Reached skill level 5 in Conjurations
  6704 | D:6      | Found a glowing golden altar of the Shining One.
  6704 | D:6      | Found an iron altar of Okawaru.
  6706 | D:6      | Found a bloodstained altar of Trog.
  6708 | D:6      | Found a shattered altar of Ashenzari.
  6711 | D:6      | Found a shimmering altar of Xom.
  6711 | D:6      | Found an ancient bone altar of Kikubaaqudgha.
  6722 | D:6      | Found an ornate altar of the Wu Jian Council.
  6735 | D:6      | Reached XP level 8. HP: 45/45 MP: 8/18
  7017 | D:6      | Found Byanaoth's Jewellery Shop.
  7022 | D:6      | Bought an uncursed ring of see invisible for 165 gold
                  | pieces
  7082 | D:6      | Identified the Papyrus of the Glacial Birds
  7410 | D:6      | Reached skill level 5 in Dodging
  7788 | D:7      | Reached skill level 7 in Fire Magic
  7797 | D:7      | Found a staircase to the Ecumenical Temple.
  7804 | Temple   | Entered the Ecumenical Temple
  8419 | D:7      | Found a stormy altar of Qazlal.
  8619 | D:7      | Noticed a hippogriff
  8624 | D:7      | Killed a hippogriff
  8913 | D:8      | Noticed a hornet
  8918 | D:8      | Killed a hornet
  8918 | D:8      | Reached XP level 9. HP: 44/51 MP: 13/21
  8946 | D:8      | Found a sand-covered staircase.
  8954 | Ossuary  | Entered an ossuary
  9345 | Ossuary  | Learned a level 4 spell: Summon Lightning Spire
  9407 | Ossuary  | Noticed Menkaure
  9419 | Ossuary  | Killed Menkaure
  9419 | Ossuary  | Reached skill level 8 in Fire Magic
 10364 | D:8      | Paralysed by a hornet for 2 turns
 10722 | D:8      | Paralysed by a hornet for 2 turns
 10725 | D:8      | Paralysed by a hornet for 1 turns
 10725 | D:8      | Slain by a hornet

Levels and vault maps discovered:
D:1:      minmay_arrival_checkered_box, layout_loops_corners
D:2:      layout_rooms
D:3:      layout_loops_ring, uniq_natasha
D:4:      layout_cave_pods, first_ration
D:5:      layout_basic, serial_shops, shop
D:6:      layout_rooms, grunt_temple_overflow_open, serial_shops,
          nicolae_shop_crystal
D:7:      layout_basic, old_standard_altar, minmay_temple_entry_hall
D:8:      minmay_spotlight, layout_cave_pools, enter_bailey_7, enter_ossuary_4,
          hangedman_pestilent_swarm
Temple:   minmay_temple_curvy_loop

Skill      XL: |  1  2  3  4  5  6  7  8  9 |
---------------+----------------------------+-----
Conjurations   | 2 3 4 5 6 7 |  7.6
Fighting       | 1 2 3 4 |  4.0
Fire Magic     | 4 5 6 7 8 |  8.5
Dodging        | 3 4 5 6 |  6.3
Spellcasting   | 4 5 6 7 |  7.2
Stealth        | |  2.4

Action                   |  1- 3 |  4- 6 |  7- 9 || total
-------------------------+-------+-------+-------++-------
Melee: Club              |     8 |       |       ||     8
       Dagger            |     4 |       |       ||     4
       Short sword       |       |       |     6 ||     6
 Cast: Flame Tongue      |    50 |    49 |   137 ||   236
       Throw Flame       |    27 |    69 |    55 ||   151
       Conjure Flame     |     1 |     1 |     2 ||     4
       Sticky Flame      |       |     2 |    30 ||    32
       Fireball          |       |       |     4 ||     4
  Use: Scroll            |       |     5 |     5 ||    10
       Potion            |       |       |     2 ||     2
  Eat: Chunk             |     4 |    10 |     5 ||    19
       Ration            |       |       |     5 ||     5
Armor: Robe              |     8 |     2 |    16 ||    26
Dodge: Dodged            |    30 |    19 |    77 ||   126

Table legend:
 A = Non-vault XP
 B = Vault XP
 C = Vault XP percentage of total XP
 D = Non-vault monster count
 E = Vault monster count
 F = Vault count percentage of total count
                 A         B        C        D         E       F
            +---------+---------+-------+---------+---------+-------
      Total |    3241 |     941 |  22.5 |     135 |      43 |  24.2
            +---------+---------+-------+---------+---------+-------
        D:1 |      77 |       0 |   0.0 |      38 |       0 |   0.0
        D:2 |      64 |       0 |   0.0 |      20 |       0 |   0.0
        D:3 |     111 |      36 |  24.5 |      21 |       1 |   4.5
        D:4 |     470 |       0 |   0.0 |      14 |       0 |   0.0
        D:5 |     579 |       0 |   0.0 |      13 |       0 |   0.0
        D:6 |     495 |       0 |   0.0 |       7 |       0 |   0.0
        D:7 |     753 |      33 |   4.2 |      13 |       1 |   7.1
        D:8 |     692 |     315 |  31.3 |       9 |       4 |  30.8
    Ossuary |       0 |     557 | 100.0 |       0 |      37 | 100.0
            +---------+---------+-------+---------+---------+-------
